 Dungeon Crawl Stone Soup version 0.30.1-4-g462c640d31 (webtiles) character file.

Game seed: 16941045074474679239

2179 SolCadguy the Destroyer (level 9, -5/67 HPs)
             Began as a Black Draconian Conjurer on Aug 24, 2023.
             Was an Initiate of Vehumet.
             Slain by a hornet (7 damage)
             ... while paralysed by a hornet
             ... on level 8 of the Dungeon.
             The game lasted 00:31:49 (7276 turns).

SolCadguy the Destroyer (Black Draconian Conjurer)  Turns: 7276, Time: 00:31:50

Health: -5/67      AC:  8    Str: 15    XL:     9   Next: 11%
Magic:  15/15      EV:  2    Int: 25    God:    Vehumet [......]
Gold:   264        SH:  0    Dex: 10    Spells: 0/17 levels left

rFire   + . .        r - +2 dagger (venom)
rCold   x . .        (no shield)
rNeg    . . .        (body armour unavailable)
rPois   .            (helmet restricted)
rElec   +            u - +0 cloak
rCorr   .            (no gloves)
SInv    .            (no boots)
Will    .....        k - amulet of regeneration
Stlth   ++           d - +6 ring of strength
HPRegen 1.11/turn    z - ring "Cuwiup" {Fire Int+2}
MPRegen 0.14/turn

%: no passive effects
@: paralysed, mighty, lethally poisoned (-5 -> -6), short of breath, hasted and
slowed
A: breathe lightning, AC +7, unfitting armour, electricity resistance,
cold-blooded
a: Breathe Lightning, Renounce Religion


You were on level 8 of the Dungeon.
You worshipped Vehumet.
Vehumet was noncommittal.
You visited 2 branches of the dungeon, and saw 9 of its levels.

You collected 264 gold pieces.

Inventory:

Hand Weapons
 a - a +2 great sword
 f - a +0 whip
 g - a +0 short sword
 h - a +0 dagger
 i - a +3 hand axe
 r - a +2 dagger of venom (weapon)
 s - a +1 falchion of electrocution
 x - a +3 long sword
 y - a +0 lajatang of electrocution
 D - a +0 short sword of draining
Missiles
 c - 102 stones
Armour
 u - a +0 cloak (worn)
Jewellery
 d - a +6 ring of strength (left hand)
 k - an amulet of regeneration (around neck)
 z - the ring "Cuwiup" (right hand) {Fire Int+2}
   (You found it on level 7 of the Dungeon)

   [ring of fire]

   It enhances your fire magic.
   Int:       It affects your intelligence (+2).
   rF:        It protects you from fire.
   rC:        It makes you vulnerable to cold.
 A - a ring of poison resistance
Wands
 B - a wand of paralysis (18)
Scrolls
 j - a scroll of torment
 l - a scroll of blinking {unknown}
 m - 3 scrolls of teleportation
 n - a scroll of amnesia
 o - a scroll of silence {unknown}
 p - 2 scrolls of poison
 v - 2 scrolls of identify
Potions
 b - 2 potions of curing
 e - 3 potions of haste
 q - a potion of flight
 t - a potion of resistance
 w - a potion of attraction
 C - a potion of might


   Skills:
 + Level 1.7 Fighting
 - Level 3.5(3.8) Short Blades
 - Level 2.0(3.0) Long Blades
 - Level 1.7 Dodging
 - Level 1.7 Stealth
 + Level 4.6 Spellcasting
 + Level 8.6 Conjurations
 - Level 1.1 Hexes
 - Level 5.3 Summonings
 - Level 3.2 Air Magic


You couldn't memorise any spells.
You knew the following spells:

 Your Spells              Type           Power      Damage    Failure   Level
a - Magic Dart            Conj           100%       1d8       1%          1
b - Searing Ray           Conj           98%        2d8       1%          2
c - Dazzling Flash        Conj/Hex       60%        N/A       3%          3
d - Summon Small Mammal   Summ           100%       N/A       1%          1
e - Call Canine Familiar  Summ           32%        N/A       2%          3
f - Mephitic Cloud        Conj/Pois/Air  25%        N/A       4%          3
g - Iskenderun's Mystic   Conj/Tloc      27%        2d7       14%         4

Your spell library contained the following spells:

 Spells                   Type           Power      Damage    Failure   Level
 Call Imp                 Summ           64%        N/A       1%          2
 Summon Guardian Golem    Hex/Summ       22%        N/A       7%          3
 Fulminant Prism          Conj/Hex       15%        3d11      12%         4
 Portal Projectile        Hex/Tloc       16%        N/A       21%         3
 Cause Fear               Hex            5%         N/A       47%         4
 Anguish                  Hex/Necr       4%         N/A       56%         4
 Leda's Liquefaction      Hex/Erth       4%         N/A       56%         4
 Enfeeble                 Hex            5%         N/A       100%        7


Dungeon Overview and Level Annotations

Branches:
Dungeon (8/15)             Temple (1/1) D:4
   Lair: D:8-11

Altars:
Ashenzari
Cheibriados
Dithmenos
Elyvilon
Fedhas
Gozag
Hepliaklqana
Kikubaaqudgha
Nemelex Xobeh
Okawaru
Qazlal
Sif Muna
Uskayaw
Vehumet
Xom
Yredelemnul
The Shining One

Shops:
D:4 *   D:6 [   D:7 *


Innate Abilities, Weirdness & Mutations

You can breathe wild blasts of lightning.
Your glossy black scales are hard. (AC +7)
You cannot fit into any form of body armour.
You are resistant to electric shocks. (rElec)
You are cold-blooded and may be slowed by cold attacks.


Message History

The black bear claws you.
* * * LOW HITPOINT WARNING * * *
The black bear bites you but does no damage.
The black bear closely misses you. The black bear barely misses you.
There is an open door, spattered with blood here.
Things that are here:
a +0 club; a +0 leather armour; an orc corpse You feel better.
The hornet closely misses you.
The black bear bites you but does no damage.
The black bear claws you but does no damage.
The black bear claws you. The black bear bites you.
* * * LOW HITPOINT WARNING * * *
The black bear claws you.
* * * LOW HITPOINT WARNING * * *
The black bear claws you but does no damage.
The hornet closely misses you.
Okay, then.
Okay, then.
Okay, then.
You feel yourself speed up. The hornet barely misses you.
The black bear misses you.
The black bear claws you but does no damage. x2
The black bear bites you.
* * * LOW HITPOINT WARNING * * *
The black bear claws you but does no damage. x2
The hornet barely misses you.
The black bear bites you but does no damage.
The black bear barely misses you. x2; The black bear bites you.
* * * LOW HITPOINT WARNING * * *
The black bear claws you but does no damage.
The black bear claws you.
* * * LOW HITPOINT WARNING * * *
The hornet stings you!
* * * LOW HITPOINT WARNING * * *
You are poisoned.
You suddenly lose the ability to move!
* * * LOW HITPOINT WARNING * * *
You feel very sick. The hornet stings you!
You die...

.....# ######..##.....#
#...##..#......#
#.......#......#
##.......#...[.)##
#....##..##......#
#...##..##......#
#...##..#h))....#
#..<...@yh).....#
#.......#.......#
#.########..##### #.
######.##### #+###.## #.##
#..........# #...# ....
#........†.# #...# ...
#'#######..##### #..# ..#
##..######..##..####..##..##..
#............................#


You could see a hornet and 2 black bears.

Vanquished Creatures
  Grinder (D:3)
  A hornet (D:7)
  An ice beast (D:5)
  An orc warrior (D:6)
  A sky beast (D:6)
  A kobold brigand (D:6)
  Blork the orc (D:3)
  A gnoll sergeant (D:7)
  5 scorpions
  2 wights (D:6)
  An orc priest (D:3)
  2 hounds
  2 sleepcaps
  A gnoll bouda (D:4)
  An iguana (D:3)
  7 orc wizards
  11 adders
  14 gnolls
  2 white imps
  3 dart slugs
  27 orcs
  9 bats
  8 endoplasms
  3 giant cockroaches
  14 goblins
  4 hobgoblins
  2 jackals (D:3)
  2 quokkas
  7 ball pythons
  5 frilled lizards
  12 kobolds
  7 rats
159 creatures vanquished.

Vanquished Creatures (collateral kills)
  A black bear (D:4)
  A wight (D:6)
  A gnoll (D:7)
  An adder (D:4)
  A dart slug (D:4)
  An orc (D:5)
  A goblin (D:4)
7 creatures vanquished.

Grand Total: 166 creatures vanquished

Notes
Turn   | Place    | Note
-------+----------+-------------------------------------------
     0 | D:1      | SolCadguy the Draconian Conjurer began the quest for the
                  | Orb.
     0 | D:1      | Reached XP level 1. HP: 14/14 MP: 3/3
   186 | D:1      | Reached XP level 2. HP: 13/20 MP: 1/5
   189 | D:1      | Learned a level 2 spell: Searing Ray
   561 | D:1      | Found a faded altar of an unknown god.
   965 | D:1      | Reached skill level 5 in Conjurations
  1037 | D:2      | Reached XP level 3. HP: 26/26 MP: 2/6
  1041 | D:2      | Learned a level 3 spell: Dazzling Flash
  1810 | D:2      | Reached XP level 4. HP: 33/33 MP: 4/7
  1921 | D:3      | Learned a level 1 spell: Summon Small Mammal
  2003 | D:3      | Reached skill level 6 in Conjurations
  2487 | D:2      | Reached XP level 5. HP: 32/38 MP: 4/8
  2654 | D:3      | Reached skill level 1 in Short Blades
  2838 | D:3      | Learned a level 3 spell: Call Canine Familiar
  3333 | D:4      | Noticed Blork the orc
  3333 | D:4      | Noticed Grinder
  3342 | D:3      | Killed Grinder
  3343 | D:3      | Reached XP level 6. HP: 22/45 MP: 1/11
  3529 | D:4      | Found Bahazal's Neck Hole.
  3560 | D:3      | Killed Blork the orc
  3730 | D:4      | Your scales start taking on a glossy black colour.
  3730 | D:4      | Reached XP level 7. HP: 45/50 MP: 10/13
  3730 | D:4      | Gained mutation: You are resistant to electric shocks.
                  | (rElec) [Black Draconian growth]
  3867 | D:4      | Found a hazy altar of Hepliaklqana.
  4101 | D:4      | Found a staircase to the Ecumenical Temple.
  4111 | D:4      | Learned a level 3 spell: Mephitic Cloud
  4115 | Temple   | Entered the Ecumenical Temple
  4336 | D:5      | Entered Level 5 of the Dungeon
  4703 | D:5      | Reached skill level 1 in Long Blades
  5045 | D:6      | Found a hide-covered altar of Uskayaw.
  5058 | D:6      | Reached XP level 8. HP: 23/57 MP: 3/14
  5188 | D:6      | Reached skill level 7 in Conjurations
  5188 | D:6      | Reached skill level 1 in Hexes
  5333 | D:6      | Reached skill level 1 in Air Magic
  5602 | D:6      | Paralysed by an orc for 2 turns
  5648 | D:6      | Reached skill level 5 in Summonings
  5777 | D:6      | Found Gazaero's Armour Emporium.
  6244 | D:7      | Found Gerhaxze's Profane Products.
  6365 | D:7      | Reached skill level 8 in Conjurations
  6465 | D:7      | Found a basalt altar of Yredelemnul.
  6469 | D:7      | Found a radiant altar of Vehumet.
  6469 | D:7      | Found an iron altar of Okawaru.
  6482 | D:7      | Found a snail-covered altar of Cheibriados.
  6485 | D:7      | Found a glowing golden altar of the Shining One.
  6504 | D:7      | Became a worshipper of Vehumet
  6703 | D:7      | Identified the ring "Cuwiup" {Fire Int+2}
  6723 | D:7      | Found a shimmering blue altar of Sif Muna.
  6751 | D:7      | Noticed a hornet
  6757 | D:7      | Paralysed by a hornet for 2 turns
  6765 | D:7      | Killed a hornet
  6766 | D:7      | Reached skill level 1 in Fighting
  6766 | D:7      | Reached XP level 9. HP: 48/64 MP: 2/15
  6794 | D:7      | Learned a level 4 spell: Iskenderun's Mystic Blast
  7214 | D:8      | Noticed a two-headed ogre
  7266 | D:8      | Paralysed by a hornet for 3 turns
  7275 | D:8      | Paralysed by a hornet for 3 turns
  7276 | D:8      | HP: 2/67 [poisoned by a hornet]
  7276 | D:8      | Slain by a hornet

Illustrated notes

Levels and vault maps discovered:
D:1:      erik_arrival_orb_chamber, layout_basic,
          shapermc_ecumenical_altar_starsandcircs, minmay_tetromino_i2
D:2:      layout_loops_ring, amethyst_killhole, hex_tiny
D:3:      layout_rooms, serial_co_window_serial, co_window_corner_a,
          co_window_paths_b, co_window_corner_a, co_window_paths_b,
          co_window_paths_a, co_window_paths_b, co_window_of_opportunity_b,
          co_window_broadway_c, co_window_broadway_b, co_window_broadway_c,
          co_window_of_opportunity_c, co_window_of_opportunity_c,
          hangedman_decor_clover_reticule, guppyfry_early_lair_pool
D:4:      layout_gridville, nicolae_overflow_crystal_walls,
          minmay_temple_entry_butterflies, hangedman_decor_growths,
          nicolae_shop_sticking_my_neck_out, uniq_blork_the_orc, uniq_grinder
D:5:      layout_rooms
D:6:      layout_rooms, eat_drink_and_be_merry_uskayaw, serial_shops, shop
D:7:      layout_rooms, nicolae_sif_muna_little_library,
          minmay_overflow_temple_star_hex, minmay_misc_feat_ornament,
          nicolae_evil_shop
D:8:      layout_gridville, trog_ov_bears_minmay, lemuel_round_altar
Temple:   nicolae_temple_cloud_nine

Skill      XL: |  1  2  3  4  5  6  7  8 |
---------------+-------------------------+-----
Conjurations   | 5 6 8 |  8.6
Short Blades   | 2 3 |  3.5
Spellcasting   | 3 4 |  4.6
Summonings     | 2 4 5 |  5.3
Long Blades    | 2 |  2.0
Hexes          | 1 |  1.1
Air Magic      | 3 |  3.2
Fighting       | 1 |  1.7
Dodging        | |  1.7
Stealth        | |  1.7

Action                     |  1- 3 |  4- 6 |  7- 9 || total
---------------------------+-------+-------+-------++-------
  Melee: Whip              |    69 |    13 |       ||    82
         Unarmed           |     3 |       |       ||     3
         Tailslap          |     8 |     9 |    16 ||    33
         Hand axe          |    25 |       |       ||    25
         Dagger            |       |    32 |   193 ||   225
         Punch             |       |       |     3 ||     3
   Cast: Magic Dart        |    28 |    17 |    26 ||    71
         Searing Ray       |    10 |    17 |    26 ||    53
         Dazzling Flash    |       |     2 |     4 ||     6
         Call Canine Famil |       |     1 |     5 ||     6
         Summon Small Mamm |       |       |     1 ||     1
         Mephitic Cloud    |       |       |     2 ||     2
Ability: Breathe Lightning |       |       |     3 ||     3
    Use: Scroll            |     3 |       |    11 ||    14
         Potion            |       |       |     8 ||     8
   Stab: Sleeping          |     2 |       |     4 ||     6
         Invisible         |       |     2 |     4 ||     6
 Armour: Skin              |    35 |    14 |    85 ||   134
  Dodge: Dodged            |    59 |    54 |   113 ||   226
